Map: Ascension to Aiur LE

Players

Solar - Winner!

  • Race: Zerg Zerg
  • Spawn Location: 5:00

Patience

  • Race: Protoss Protoss
  • Spawn Location: 11:00

Event: HomeStory Cup XVI

VOD

Have the link to the VOD?

Description

Time

  • Played on: Nov. 9, 2017, 12:41 p.m.
  • Length: 8:39

All games in this series

Show
View Real Time Build Order
Export as new Build Order

Solar Zerg - Winner!

Build Orders: Hatch First 

Get SALT Encoding   

  12  0:00  Drone  
  13  0:12  Overlord  
  13  0:17  Drone  
  14  0:31  Drone x2  
  14  0:34  Drone  
  17  0:51  Hatchery  
  17  0:54  Drone  
  17  0:58  Drone  
  17  1:02  Extractor  
  17  1:06  Drone  
  18  1:16  Spawning Pool  
  17  1:19  Drone  
  18  1:28  Drone  
  19  1:38  Drone  
  20  1:49  Overlord  
  20  2:03  Queen, Zergling x2  
  20  2:04  Queen, Metabolic Boost  
  20  2:06  Drone  
  26  2:12  Drone  
  26  2:14  Drone  
  28  2:34  Hatchery  
  27  2:38  Drone x2  
  27  2:42  Pneumatized Carapace  
  29  2:44  Drone  
  29  2:47  Drone  
  29  2:50  Drone  
  32  2:55  Overlord  
  32  3:00  Drone x2  
  32  3:04  Drone  
  35  3:08  Drone  
  35  3:14  Drone x3  
  35  3:15  Drone x2  
  40  3:20  Queen  
  40  3:24  Overlord  
  42  3:29  Evolution Chamber  
  42  3:30  Drone  
  42  3:31  Drone  
  42  3:32  Drone  
  44  3:36  Overlord  
  44  3:44  Zergling x6  
  44  3:45  Zergling x2  
  44  3:46  Drone x2  
  50  3:51  Queen  
  50  3:54  Drone  
  53  3:55  Drone  
  53  3:59  Zerg Melee Weapons Level 1  
  54  4:03  Drone x2  
  54  4:05  Drone  
  54  4:07  Extractor  
  54  4:09  Overlord  
  56  4:18  Zergling x14  
  56  4:20  Zergling x2  
  64  4:24  Zergling x2  
  64  4:29  Drone x2  
  64  4:30  Drone x2  
  69  4:32  Overlord  
  69  4:33  Zergling x2  
  68  4:42  Zergling x6  
  68  4:43  Lair  
  69  4:50  Drone x2  
  69  4:51  Drone x2  
  73  4:53  Drone  
  73  4:55  Extractor, Drone x2  
  73  4:57  Baneling Nest, Drone x2  
  76  5:01  Extractor, Overlord x2, Drone  
  76  5:02  Drone  
  76  5:04  Drone  
  76  5:07  Overlord  
  77  5:14  Zergling x4  
  78  5:19  Zergling x2  
  80  5:22  Overlord  
  80  5:27  Zergling x8  
  84  5:29  Drone x2  
  84  5:32  Drone x2  
  84  5:34  Extractor  
  84  5:35  Zergling x8  
  89  5:44  Hydralisk Den, Drone  
  89  5:45  Drone  
  89  5:47  Overseer  
  89  5:49  Overlord  
  90  5:51  Drone  
  90  5:52  Drone  
  92  6:02  Hatchery  
  90  6:09  Drone x4, Overseer  
  90  6:11  Extractor, Drone x3  
  95  6:13  Hydralisk x5  
  95  6:14  Spire  
  95  6:18  Hydralisk  
  102  6:20  Hydralisk  
  102  6:21  Hydralisk  
  106  6:26  Zergling x2  
  106  6:29  Muscular Augments  
  106  6:31  Zergling x8  
  106  6:32  Baneling x3  
  111  6:35  Zergling x2  
  102  6:42  Zergling x10  
  102  6:45  Hydralisk  
  92  6:54  Drone  
  92  6:55  Drone x3  
  92  6:58  Drone  
  96  7:01  Drone x2  
  96  7:03  Drone  
  96  7:04  Drone  
  98  7:18  Drone x4  
  98  7:19  Overlord x2  
  98  7:20  Baneling x3  
  101  7:27  Mutalisk x3  
  105  7:32  Mutalisk x2  
  105  7:36  Mutalisk  
  111  7:43  Mutalisk  
  108  7:47  Mutalisk  
  108  7:49  Zergling x12  
  108  7:50  Hydralisk  
  117  7:51  Zergling x2  
  117  7:57  Hydralisk x2  
  120  8:03  Overlord x2  
  122  8:06  Hydralisk x2  
  122  8:07  Zergling x8  
  122  8:10  Overlord  
  130  8:14  Overlord  
  130  8:16  Overseer  
Show
View Real Time Build Order
Export as new Build Order

Patience Protoss 

Build Orders: 1 Gate Expand, Chargelot Immortal 

Get SALT Encoding   

  12  0:02  Probe (Chrono Boost)  
  14  0:14  Probe (Chrono Boost)  
  14  0:20  Pylon  
  14  0:27  Probe (Chrono Boost)  
  15  0:34  Probe (Chrono Boost)  
  15  0:40  Gateway  
  15  0:42  Probe (Chrono Boost)  
  17  0:50  Assimilator  
  17  0:54  Probe (Chrono Boost)  
  18  1:06  Probe (Chrono Boost)  
  20  1:18  Probe (Chrono Boost)  
  20  1:24  Nexus  
  20  1:33  Cybernetics Core  
  20  1:36  Probe (Chrono Boost)  
  21  1:40  Assimilator  
  22  1:48  Probe (Chrono Boost)  
  22  1:50  Pylon  
  22  1:59  Stalker  
  22  2:00  Warp Gate, Probe (Chrono Boost)  
  23  2:06  Probe (Chrono Boost)  
  26  2:16  Probe (Chrono Boost)  
  27  2:26  Robotics Facility  
  28  2:30  Probe (Chrono Boost)  
  29  2:38  Probe (Chrono Boost)  
  29  2:40  Pylon  
  29  2:41  Sentry  
  32  2:44  Probe (Chrono Boost)  
  32  2:50  Probe (Chrono Boost)  
  33  2:57  Probe (Chrono Boost)  
  34  3:02  Probe (Chrono Boost)  
  35  3:07  Immortal  
  35  3:09  Probe (Chrono Boost)  
  37  3:14  Probe (Chrono Boost)  
  42  3:21  Gateway, Probe (Chrono Boost)  
  43  3:27  Probe (Chrono Boost)  
  43  3:28  Gateway  
  43  3:33  Probe (Chrono Boost)  
  44  3:35  Pylon  
  44  3:39  Warp Prism  
  44  3:40  Probe (Chrono Boost)  
  45  3:41  Pylon  
  45  3:46  Probe (Chrono Boost)  
  46  3:53  Probe (Chrono Boost)  
  46  3:55  Pylon  
  50  4:02  Assimilator  
  50  4:03  Probe (Chrono Boost)  
  50  4:06  Assimilator  
  50  4:08  Probe (Chrono Boost)  
  51  4:15  Probe (Chrono Boost)  
  52  4:17  Observer  
  52  4:19  Sentry x2  
  52  4:20  Probe (Chrono Boost)  
  58  4:28  Probe (Chrono Boost)  
  58  4:30  Pylon  
  60  4:32  Zealot, Probe (Chrono Boost)  
  62  4:48  Probe (Chrono Boost)  
  62  4:49  Probe (Chrono Boost)  
  65  5:00  Probe (Chrono Boost), Twilight Council  
  65  5:01  Forge, Sentry  
  65  5:02  Zealot, Sentry  
  71  5:10  Nexus  
  71  5:15  Pylon  
  71  5:24  Probe (Chrono Boost)  
  71  5:26  Protoss Ground Weapons Level 1  
  71  5:27  Stalker  
  73  5:31  Zealot  
  73  5:32  Charge  
  73  5:34  Stalker, Immortal  
  76  5:43  Templar Archives  
  76  5:45  Pylon  
  76  5:49  Probe x2 (Chrono Boost)  
  82  5:52  Stalker x2  
  86  6:01  Stalker  
  88  6:09  Probe (Chrono Boost)  
  88  6:11  Probe (Chrono Boost)  
  86  6:14  Immortal  
  86  6:15  Probe (Chrono Boost)  
  90  6:20  Pylon  
  90  6:23  Probe (Chrono Boost)  
  90  6:25  Stalker  
  90  6:26  Stalker x2  
  96  6:35  Probe (Chrono Boost)  
  95  6:49  Probe (Chrono Boost)  
  79  6:54  Probe (Chrono Boost)  
  79  6:55  Immortal  
  79  6:58  Probe (Chrono Boost)  
  79  7:00  Zealot  
  79  7:01  Zealot x2, Probe (Chrono Boost)  
  78  7:04  Gateway  
  78  7:05  Gateway  
  78  7:07  Gateway  
  77  7:10  Gateway  
  77  7:11  Gateway  
  77  7:18  Pylon  
  77  7:21  Zealot x2  
  77  7:22  Zealot  
  83  7:25  Probe x2 (Chrono Boost)  
  83  7:26  Probe (Chrono Boost)  
  86  7:44  Probe x2 (Chrono Boost)  
  86  7:45  Probe (Chrono Boost)  
  86  7:49  Stalker x2  
  90  7:52  Stalker  
  90  7:57  Probe (Chrono Boost)  
  91  8:02  Probe (Chrono Boost)  
  94  8:06  Assimilator, Probe (Chrono Boost)  
  94  8:10  Assimilator  
  94  8:15  High Templar x2  
  98  8:22  Probe x3 (Chrono Boost), Pylon  
  98  8:24  High Templar  
  103  8:33  Zealot  
Tags
 
Add a new tag
Caveats
  • Supply blocks, unpowered buildings, or Contaminate may cause inaccurate times.
  • Supply counts are checked every 10 seconds.